AoeStats
← crtolino93

Enclosed

504246636Analyzed
1v1 RM · 29d ago on Sep 4, 2026· 23m 59s· 2 players
Game mode
Random Map
Map size
Tiny (2 player)
Population
200
Speed
Normal
Resources
Standard
Victory
Conquest
Starting age
Dark Age
Ending age
Imperial Age
RankedLock teamsTeams togetherTeam positionsShared explorationLock speedFull tech treeHidden civsTurbo modeCheats
Victory
Defeat
🇲🇽 Berbers · Mexico
1244
+16
🇸🇮 Ethiopians · Slovenia
1248
-16
ArtTroy2751
6:17 Loom
8:54 Feudal Age
16:57 Horse Collar
22:13 Castle Age
20:50 Bloodlines
20:49 Gold Mining
crtolino93
2:27 Loom
11:45 Feudal Age
14:50 Fletching
19:54 Castle Age
20:21 Wheelbarrow
20:03 Double-Bit Axe
21:15 Scale Barding Armor
Connection lost

Rejoining the realm…

Still unreachable

The connection could not be restored.

Session expired

The server has moved on; the page needs a fresh start.